 Dungeon Crawl Stone Soup version 0.15.2 (webtiles) character file.

30 glosham the Skirmisher (level 3, -3/29 HPs)
             Began as a Mummy Death Knight on Apr 2, 2018.
             Was a Follower of Yredelemnul.
             Slain by a worm (6 damage)
             ... on Level 2 of the Dungeon.
             The game lasted 00:06:16 (330 turns).

glosham the Skirmisher (Mummy Death Knight)          Turns: 330, Time: 00:06:16

HP  -3/29        AC  8     Str 17      XL: 3   Next:  3%
MP   4/4         EV  8     Int 10      God: Yredelemnul [*.....]
Gold 42          SH  0     Dex 15      Spells:  0 memorised,  2 levels left

rFire  x . .     SeeInvis .     a - +1 mace
rCold  + . .     Clarity  .     g - +0 scale mail (curse)
rNeg   + + +     rCorr    .     (no shield)
rPois  +         rRot     +     (no helmet)
rElec  .         Spirit   .     i - +1 cloak
SustAb .         Warding  .     (no gloves)
rMut   .         Stasis   .     (no boots)
Gourm  .                        (no amulet)
MR     .....                    (no ring)
                                A - +4 ring of dexterity

@: not resistant to hostile enchantments, extremely unstealthy
A: no food or potions, fire vulnerability, restore body, cold resistance 1,
negative energy resistance 3, poison resistance, torment resistance, unbreathing
a: Animate Remains, Renounce Religion


You were on level 2 of the Dungeon.
You worshipped Yredelemnul.
Yredelemnul was aware of your devotion.
You were not hungry.

You visited 1 branch of the dungeon, and saw 2 of its levels.

You collected 42 gold pieces.

Inventory:

Hand weapons
 a - a +1 mace (weapon)
 f - a +0 club
 k - a +0 club
Missiles
 c - 60 stones (quivered)
Armour
 b - a +0 leather armour
 d - a +0 leather armour
 e - a +0 leather armour
 g - a cursed +0 scale mail (worn)
 h - a cursed +0 robe
 i - a +1 cloak (worn)
Magical devices
 j - a wand of slowing (0)
Jewellery
 A - a +4 ring of dexterity (left hand)


   Skills:
 * Level 3.5 Fighting
 - Level 1.5 Maces & Flails
 - Level 0.7 Armour
 - Level 0.7 Dodging
 - Level 2.4 Invocations


You had 2 spell levels left.
You didn't know any spells.

Dungeon Overview and Level Annotations

Branches:
Dungeon (2/15)

Altars:
Elyvilon


Innate Abilities, Weirdness & Mutations

You do not eat or drink.
Your flesh is vulnerable to fire.
Your flesh is cold resistant.
You are immune to negative energy.
Your system is resistant to poisons.
You are immune to unholy pain and torment.
You can survive without breathing.


Message History

You have reached level 3!
Your experience leads to an increase in your attributes!
Increase (S)trength, (I)ntelligence, or (D)exterity?
You feel stronger.
A worm comes into view.
The worm moves out of view.
A goblin comes into view. It is wielding a club.
The goblin shouts!
You see here a scroll labeled FEN REPRENILOQEPAE.
You hit the worm.
The worm is lightly wounded.
The worm bites you but does no damage. The goblin hits you but does no damage.
The goblin hits you but does no damage. The goblin hits you with a club.
You closely miss the goblin. The goblin hits you but does no damage.
You sock the goblin!
You kill the goblin!
Yredelemnul accepts your kill.
You hit the worm.
The worm is moderately wounded.
The worm bites you but does no damage.
You hit the worm.
The worm is heavily wounded.
The worm bites you.
You hit the worm.
The worm is heavily wounded.
The worm bites you. The worm bites you!
* * * LOW HITPOINT WARNING * * *
You feel yourself speed up.
Evoke which item? (* to show all) (? for menu, Esc to quit)
Zapping:
j - a wand of slowing {zapped: 8}
Press: ? - help, Shift-Dir - straight line, f - worm
Aim: a worm (heavily wounded) Nothing appears to happen.
You hit the worm.
The worm is severely wounded.
The worm bites you.
You die...
Yredelemnul claims you as an undead slave.

##### ########
#...####.......
#...##.....#
+...)......#
#...#...?..###
+..w#........#
<.###..@#.##.#...#
.....................
#######.#.#.##.#######
_.........#.##.#
#######..<#....#
########.. +..


You could see a worm.

Vanquished Creatures
  Ijyb (D:2)
  3 bats
  A giant cockroach (D:1)
  3 kobolds (D:1)
  2 goblins
  2 rats (D:1)
12 creatures vanquished.

Notes
Turn   | Place    | Note
--------------------------------------------------------------
     0 | D:1      | glosham, the Mummy Death Knight, began the quest for the Orb.
     0 | D:1      | Reached XP level 1. HP: 16/16 MP: 1/1
   131 | D:1      | Reached XP level 2. HP: 23/23 MP: 2/2
   285 | D:2      | Found a white marble altar of Elyvilon.
   285 | D:2      | Noticed Ijyb
   305 | D:2      | Killed Ijyb
   305 | D:2      | Reached skill level 3 in Fighting
   311 | D:2      | Reached XP level 3. HP: 21/29 MP: 4/4
   330 | D:2      | Slain by a worm

Action                   || total
-------------------------++-------
Melee: Mace              ||    38

Table legend:
 A = Turns spent in this place as a percentage of turns spent in the entire game.
 B = Non-inter-level travel turns spent in this place as a percentage of non-inter-level travel turns spent in the entire game.
 C = Inter-level travel turns spent in this place as a percentage of turns spent in this place.
 D = Turns resting spent in this place as a percentage of non-inter-level travel turns spent in this place.
 E = Turns spent auto-exploring this place as a percentage of non-inter-level travel turns spent in this place.
 F = Non-inter-level travel turns spent in this place divided by the number of levels of this place that you've seen.
                   A       B       C       D       E      F
               +-------+-------+-------+-------+-------+----------------------
         Total | 100.0 | 100.0 |   0.0 |   0.0 |   0.0 | 141.0
       Dungeon | 100.0 | 100.0 |   0.0 |   0.0 |   0.0 | 141.0
               +-------+-------+-------+-------+-------+----------------------

Table legend:
 A = Kills in this place as a percentage of kills in entire the game.
 B = Kills by you in this place as a percentage of kills by you in the entire game.
 C = Kills by friends in this place as a percentage of kills by friends in the entire game.
 D = Other kills in this place as a percentage of other kills in the entire game.
 E = Experience gained in this place as a percentage of experience gained in the entire game.
 F = Experience gained in this place divided by the number of levels of this place that you have seen.
                   A       B       C       D       E      F
               +-------+-------+-------+-------+-------+----------------------
         Total | 100.0 | 100.0 |  -nan |  -nan | 100.0 |  21.5
       Dungeon | 100.0 | 100.0 |  -nan |  -nan | 100.0 |  21.5
               +-------+-------+-------+-------+-------+----------------------

Vault maps used:
D:1:      dpeg_arrival_rooms_a
D:2:      yredelemnul_altar_generic, overflow_temple_1_default, uniq_iyjb
